 Dungeon Crawl Stone Soup version 0.31.0-12-g77e489cdc1 (webtiles) character file.

Game seed: 2978261474653381331

33 Curundu the Chopper (level 3, -8/49 HPs)
             Began as a Minotaur Berserker on Feb 27, 2024.
             Was a Believer of Trog.
             Mangled by a gnoll
             ... wielding a +3 spear
              (12 damage)
             ... on level 2 of the Dungeon.
             The game lasted 00:02:47 (1039 turns).

Curundu the Chopper (Minotaur Berserker)            Turns: 1039, Time: 00:02:48

Health: -8/49      AC:  2    Str: 23    XL:     3   Next: 12%
Magic:  2/2        EV: 12    Int:  4    God:    Trog [**....]
Gold:   70         SH:  0    Dex:  9    Spells: 2/2 levels left

rFire   . . .        a - +0 hand axe
rCold   . . .        (no shield)
rNeg    . . .        b - +0 animal skin
rPois   .            (helmet restricted)
rElec   .            (no cloak)
rCorr   .            (no gloves)
SInv    .            (no boots)
Will    .....        (no amulet) Stlth
                     (no ring)
HPRegen 0.28/turn    (no ring)
MPRegen 0.08/turn

%: no passive effects
@: berserking, very quick
A: horns 2, retaliatory headbutt
a: Renounce Religion, Berserk, Trog's Hand


You were on level 2 of the Dungeon.
You worshipped Trog.
Trog was pleased with you.
You visited 1 branch of the dungeon, and saw 2 of its levels.

You collected 70 gold pieces.

Inventory:

Hand Weapons
 a - a +0 hand axe (weapon)
Armour
 b - a +0 animal skin (worn)
Jewellery
 e - a ring of positive energy
Scrolls
 c - 3 scrolls of teleportation {unknown}
 d - a scroll of acquirement {unknown}
 f - a scroll of revelation {unknown}
 g - a scroll of immolation {unknown}
 h - a scroll of enchant weapon {unknown}
 i - a scroll of identify {unknown}
Potions
 j - a potion of lignification {unknown}


   Skills:
 + Level 4.1 Fighting
 + Level 4.3 Axes
 + Level 2.7 Armour
 + Level 2.5 Dodging
 + Level 0.2 Stealth


You had 2 spell levels left.
You didn't know any spells.
Your spell library was empty.

Dungeon Overview and Level Annotations

Branches:
Dungeon (2/15)

Altars:


Innate Abilities, Weirdness & Mutations

You have a pair of horns on your head.
You reflexively headbutt those who attack you in melee.


Message History

The ball python grabs you. The ball python constricts you.
You hit the ball python.
The ball python is severely wounded.
You hit the ball python.
You kill the ball python!
Trog accepts your kill. The ball python closely misses you.
The ball python constricts you.
You hit the ball python.
You kill the ball python!
Trog accepts your kill.
You barely miss the bat. The bat hits you but does no damage.
You barely miss the quokka. You closely miss the bat.
The bat hits you but does no damage. The quokka bites you. x2
You barely miss the quokka. You headbutt the quokka.
The quokka is severely wounded.
You hit the kobold but do no damage. The quokka barely misses you.
The kobold misses you.
The gnoll hits you from afar with a +3 spear!
You slash the quokka!
You kill the quokka!
Trog accepts your kill.
You barely miss the kobold. The bat hits you but does no damage.
The kobold barely misses you.
The gnoll hits you from afar with a +3 spear!
The bat misses you. The bat hits you but does no damage.
The gnoll hits you with a +3 spear!
* * * LOW HITPOINT WARNING * * *
The kobold misses you.
You see here a quokka corpse.
You barely miss the bat. You headbutt the bat.
You kill the bat!
Trog accepts your kill.
You closely miss the kobold. You hit the gnoll but do no damage.
The gnoll hits you with a +3 spear.
* * * LOW HITPOINT WARNING * * *
The kobold barely misses you.
A red film seems to cover your vision as you go berserk!
You feel yourself moving faster!
You feel mighty! The gnoll hits you with a +3 spear!
You die...

#.###..##.##.######.###....
...........#.######.###....
.............<.....<.......
.>.........#.######.##..###
####.#.....#.# .... .# #
#.#.###.# . .#### .. #
#.#.# #.# # #.# .# #. #
#.#.###.######g#?..#
##...##.......@†....#
###.............K.#)..#
...........#####..# .#
..................#
.##..###..######....
.##........# ......
.##..###...# ..#..##
..#..................
.##)†###....#.#


You could see a gnoll and a kobold.

Vanquished Creatures
  A dart slug (D:1)
  2 endoplasms (D:1)
  2 giant cockroaches
  5 goblins
  5 hobgoblins
  A kobold (D:1)
  A quokka (D:2)
  4 ball pythons
  3 bats
  4 rats
28 creatures vanquished.

Notes
Turn   | Place    | Note
-------+----------+-------------------------------------------
     0 | D:1      | Curundu the Minotaur Berserker began the quest for the Orb.
     0 | D:1      | Reached XP level 1. HP: 19/19 MP: 0/0
   298 | D:1      | Reached XP level 2. HP: 27/27 MP: 1/1
   917 | D:2      | Reached ** piety under Trog
  1010 | D:2      | Reached XP level 3. HP: 31/33 MP: 2/2
  1039 | D:2      | Mangled by a gnoll

Illustrated notes

Levels and vault maps discovered:
D:1:      dpeg_arrival_circle_labyrinth_a, layout_basic, minmay_bisected
D:2:      layout_basic, ebering_ecumenical_altar_webs, chequers_big_river,
          minmay_split_cup_large

Skill      XL: |  1  2 |
---------------+-------+-----
Axes           | 4 |  4.3
Fighting       | 4 |  4.1
Armour         | |  2.7
Dodging        | |  2.5
Stealth        | |  0.2

Action                     || total
---------------------------++-------
  Melee: Hand axe          ||    47
         Headbutt          ||     8
 Invoke: Berserk           ||     1
 Armour: Animal skin       ||    28
  Dodge: Dodged            ||    32
